Unix NetHack Version 5.0.0-0 post-release - last build Jul 14 2026 02:55:29 (1809b74e8187c3a3585e283601c3028b46cbbdcb,branch:main).

Game began 2026-07-18 22:52:21, ended 2026-07-18 23:33:38.

DeathOnAStick, neutral male human Tourist

                         ---------------------------------
                        #|...............................|
                        #....------......--------------- |
                      ###|...+.(((|......|.(((|
                      # #|...|.((.|......|.(!(|
                      #  |...|..((|......-.(((|
                      #  |...|---------..------+-------- |
                      #  |...|%%%|....|....{.............|
                      #  |...|%%!|._.)|.......-----+---- |
                     ##  |...|%%!|..).|...)...|
                    ##   |...|.. |....|{......|
                    #    |...--+-----|-...)...--+----+-- |
             -------#    |...@dd.....d.....)@............|
             |......#    |...----|---|----....----   ....|
             ......|     |...|  |..|..|  |....|
             |......     |...+  |..|..|  +....+
             |..<..|     -----  -------  ------
             |.....|
             -------

DeathOnAStick the Excursionist  St:9 Dx:13 Co:16 In:13 Wi:10 Ch:14  Neutral S:2347
Dlvl:7  $:0  HP:0(43) Pw:34(34) AC:3  Xp:6/421 T:2872 

Latest messages:
 You are surrounded by a shimmering light.
 The wolf starts to attack you, but pulls back.
 The wolf starts to attack you, but pulls back.
 The wolf starts to attack you, but pulls back.
 The gecko starts to attack you, but pulls back.
 You finish your prayer.
 You feel that The Lady is well-pleased.
 You feel much better.
 Are you waiting to get hit?  Use 'm' prefix to force a no-op (to rest).
 In what direction? u
 You throw 2 darts.
 The 1st dart hits the gecko.
 You kill the gecko!
 The wolf bites!
 The wolf bites!
 You hear a door open.
 The wolf bites!
 The wolf snaps wildly and misses!
 Please move the cursor to a monster, object or location.
 (For instructions type a '?')
 What do you want to use or apply? [fovxAELM or ?*] v
 In what direction? n
 The wolf is blinded by the flash!
 The wolf turns to flee.
 The wolf bites!
 The wolf misses!
 The wolf bites!
 The wolf strikes at thin air!
 The wolf bites!
 The wolf bites!
 Fido bites the wolf.
 The wolf bites Fido.
 What do you want to wear? [nuQ or ?*] u
 You are now wearing a piece of cloth.
 Please move the cursor to a monster, object or location.
 (For instructions type a '?')
 Unknown direction: 'v' (aborted).
 Done.
 You miss the wolf.
 The wolf bites!
 What do you want to use or apply? [fovxAELM or ?*] v
 In what direction? l
 The flash of light shines on the wolf.
 The wolf bites!
 You die...
 Do you want your possessions identified? [ynq] (y) y
 Do you want to see your attributes? [ynq] (y) y
 Do you want an account of creatures vanquished? [ynaq] (y) y
 Do you want to see your conduct and achievements? [ynq] (y) y
 Do you want to see the dungeon overview? [ynq] (y) y

Inventory:
 Weapons  (')')
  j - 5 cursed +0 arrows
  l - 6 blessed +2 darts
  b - 3 +2 darts (at the ready)
  r - 3 +0 darts
  a - a +0 orcish dagger (weapon in right hand)
 Armor    ('[')
  I - an uncursed +3 orcish helm (being worn)
  N - an uncursed +0 pair of iron shoes
  Z - an uncursed +0 pair of iron shoes (being worn)
  u - an uncursed +0 cloak of magic resistance (being worn)
  Q - an uncursed +0 dwarvish cloak
  n - a cursed -1 dwarvish cloak
 Comestibles  ('%')
  K - 2 uncursed randomfruits
  c - 10 uncursed food rations
  G - an uncursed partly eaten food ration
  P - 4 uncursed tripe rations
 Scrolls  ('?')
  i - an uncursed scroll of magic mapping
  z - an uncursed scroll of taming
 Wands    ('/')
  A - a wand of light (0:11)
  M - a wand of stasis (0:4)
 Tools    ('(')
  f - an uncursed bag of holding containing 14 items
  L - an uncursed wooden flute
  v - an expensive camera (0:40)
  o - an uncursed skeleton key
  x - a cursed skeleton key
  E - an uncursed tallow candle

Contents of the bag of holding:
  657 gold pieces
  3 +0 daggers
  an uncursed potion of healing
  an uncursed potion of paralysis
  an uncursed ring of polymorph control
  a +0 pick-axe
  an uncursed agate stone
  an uncursed worthless piece of black glass
  an uncursed worthless piece of blue glass
  2 uncursed worthless pieces of green glass
  an uncursed worthless piece of orange glass
  3 uncursed worthless pieces of white glass
  3 uncursed worthless pieces of yellow glass
  2 uncursed worthless pieces of yellowish brown glass

DeathOnAStick the Tourist's attributes:

Background:
 You were an Excursionist, a level 6 male human Tourist.
 You were neutral, on a mission for The Lady
 who was opposed by Blind Io (lawful) and Offler (chaotic).
 You were right-handed.
 You were in the Gnomish Mines, on level 7.
 You entered the dungeon 2872 turns ago.
 It was nighttime.
 You had 421 experience points, 219 more were needed to attain level 7.
 Your score was 2347 before end-of-game adjustments.

Basics:
 You had 0 out of 43 hit points.
 You had all 34 energy points (spell power).
 Your armor class was 3.
 Your wallet was empty, but
 you had 657 zorkmids stashed away in your pack.
 Autopickup was off.

Final Characteristics:
 Your strength was 9 (limit:18/100).
 Your dexterity was 13 (limit:18).
 Your constitution was 16 (limit:18).
 Your intelligence was 13 (limit:18).
 Your wisdom was 10 (limit:18).
 Your charisma was 14 (limit:18).

Final Status:
 You weren't hungry.
 You were unencumbered.
 You were wielding a dagger.
 You were unskilled in dagger.

Final Attributes:
 You were piously aligned.
 You were magic-protected.
 You were warded.
 You are dead.

Miscellaneous:
 You didn't encounter any bones levels.
 Total elapsed playing time was 41 minutes and 15 seconds.

Major events:
 Turn
    1: DeathOnAStick the neutral male human Tourist entered the dungeon
  943: attained the rank of Sightseer (level 3)
 1387: entered the Gnomish Mines
 2585: reached Mine Town
 2643: attained the rank of Excursionist (level 6)
 2872: killed by a wolf

Spells:
 Name                 Level Category     Fail Retention
 chain lightning        2   attack       100%  76%-100%
 healing                1   healing       64%  76%-100%

Skills:
 Fighting Skills
   bare handed combat [Unskilled]
   two weapon combat  [Unskilled]
   riding             [Unskilled]
 Weapon Skills
   dagger             [Unskilled]
   knife              [Unskilled]
   axe                [Unskilled]
   pick-axe           [Unskilled]
   short sword        [Unskilled]
   broadsword         [Unskilled]
   long sword         [Unskilled]
   two-handed sword   [Unskilled]
   saber              [Unskilled]
   mace               [Unskilled]
   morning star       [Unskilled]
   flail              [Unskilled]
   hammer             [Unskilled]
   quarterstaff       [Unskilled]
   polearms           [Unskilled]
   spear              [Unskilled]
   trident            [Unskilled]
   lance              [Unskilled]
   bow                [Unskilled]
   sling              [Unskilled]
   crossbow           [Unskilled]
   dart               [Skilled]
   shuriken           [Unskilled]
   boomerang          [Unskilled]
   whip               [Unskilled]
   unicorn horn       [Unskilled]
 Spellcasting Skills
   divination spells  [Unskilled]
   enchantment spells [Unskilled]
   escape spells      [Unskilled]

Voluntary challenges:
 Character rerolling was not enabled.
 You never genocided any monsters.
 You never polymorphed an object.
 You never changed form.
 You used no wishes.
Achievements:
 You entered a shop.
 You attained the rank of Sightseer.
 You entered the Gnomish Mines.
 You entered Minetown.
 You attained the rank of Excursionist.
 You entered a temple.

 The Dungeons of Doom: levels 1 to 5
    Level 1:
       A fountain.
    Level 2:
       A general store.
    Level 3:
    Level 4:
       A fountain, a grave.
       Stairs down to The Gnomish Mines.
    Level 5:
 The Gnomish Mines: levels 5 to 7
    Level 5:
    Level 6:
    Level 7: <- You were here.
       Some shops, a temple and an altar, some fountains.
       Final resting place for
          you, killed by a wolf.


Vanquished creatures:
  a gnome ruler
  a mountain nymph
  2 gnome leaders
  3 gnomish wizards
  6 dwarves
  a rothe
  a giant bat
 an orc zombie
 an iguana
  a hobgoblin
  a yellow mold
  a green mold
  a red mold
 17 gnomes
  2 gnome zombies
  5 geckos
  2 jackals
  2 foxes
  3 goblins
  a sewer rat
  4 grid bugs
  7 lichens
  6 newts
70 creatures vanquished.

No species were genocided or became extinct.

Game over:
                       ----------
                      /          \
                     /    REST    \
                    /      IN      \
                   /     PEACE      \
                  /                  \
                  |  DeathOnAStick   |
                  |      657 Au      |
                  | killed by a wolf |
                  |                  |
                  |                  |
                  |                  |
                  |       2026       |
                 *|     *  *  *      | *
        _________)/\\_//(\/(/\)/\//\/|_)_______

Aloha DeathOnAStick the Tourist...

You died in The Gnomish Mines on dungeon level 7 with 2317 points,
and 657 pieces of gold, after 2872 moves.
You were level 6 with a maximum of 43 hit points when you died.

